 Dungeon Crawl Stone Soup version 0.19-a0-1686-g35356ef (webtiles) character file.

35 Amnesiac the Ogre Mage (level 3, -5/31 HPs)
             Began as an Ogre Wizard on Sept 25, 2016.
             Slain by a bullfrog skeleton (6 damage)
             ... on level 4 of the Dungeon.
             The game lasted 00:02:52 (1206 turns).

Amnesiac the Ogre Mage (Ogre Wizard)                Turns: 1206, Time: 00:02:53

Health: -5/31      AC:  4    Str: 12    XL:     3   Next: 35%
Magic:  1/9        EV: 10    Int: 17    God:
Gold:   12         SH:  0    Dex:  9    Spells: 5 memorised, 0 levels left

rFire  . . .     SeeInvis .     e - +1 club
rCold  . . .     Gourm    .     a - +0 robe
rNeg   . . .     Faith    .     (no shield)
rPois  .         Spirit   .     b - +0 hat
rElec  .         Dismiss  .     (no cloak)
rCorr  .         Reflect  .     (gloves unavailable)
MR     .....     Harm     .     (boots unavailable)
Stlth  +.........               (no amulet)
                                (no ring)
                                (no ring)

@: very slightly contaminated, repel missiles
A: unfitting armour, tough skin 1
a: no special abilities


You were on level 4 of the Dungeon.
You were not hungry.

You visited 1 branch of the dungeon, and saw 4 of its levels.

You collected 12 gold pieces.

Inventory:

Hand Weapons
 e - a +1 club (weapon)
Armour
 a - a +0 robe (worn)
 b - a +0 hat (worn)
Books
 c - a book of Minor Magic

   Spells                             Type                      Level
   a - Magic Dart                     Conjuration                  1
   b - Blink                          Translocation                2
   c - Call Imp                       Summoning                    2
   d - Repel Missiles                 Charms/Air                   2
   e - Slow                           Hexes                        2
   f - Conjure Flame                  Conjuration/Fire             3
   g - Mephitic Cloud                 Conjuration/Poison/Air       3
Comestibles
 d - a bread ration
 f - 2 chunks of flesh
 g - 2 fruits


   Skills:
 - Level 1.7 Dodging
 - Level 1.5 Stealth
 - Level 4.5 Spellcasting
 + Level 1.4 Conjurations
 - Level 0.6 Summonings
   Level 0.6 Translocations


You couldn't memorise any spells.
You knew the following spells:

 Your Spells              Type           Power        Failure   Level  Hunger
a - Repel Missiles        Chrm/Air       #.....       24%         2    ##.....
d - Call Imp              Summ           #.......     21%         2    ##.....
e - Mephitic Cloud        Conj/Pois/Air  #.......     38%         3    ###....
f - Magic Dart            Conj           #...         10%         1    None
s - Conjure Flame         Conj/Fire      #.......     38%         3    ###....


Dungeon Overview and Level Annotations

Branches:
Dungeon (4/15)
 Temple: D:4-7

Altars:

Annotations:
D:2 Natasha


Innate Abilities, Weirdness & Mutations

You are too large for most types of armour.
You have tough skin. (AC +1)


Message History

Attack!
The bullfrog skeleton hits you.
* * * LOW HITPOINT WARNING * * *
The adder skeleton barely misses you.
Your white imp hits the bullfrog skeleton.
Your white imp freezes the bullfrog skeleton.
The bullfrog skeleton completely resists.
Unknown command.
You hit the bullfrog skeleton.
The bullfrog skeleton is moderately damaged.
The bullfrog skeleton hits you but does no damage.
The adder skeleton completely misses you.
Your white imp gestures at the bullfrog skeleton.
The puff of frost hits the bullfrog skeleton.
The bullfrog skeleton resists.
The bullfrog skeleton hits you.
* * * LOW HITPOINT WARNING * * *
Some of the chunks of flesh in your inventory have rotted away.
You hit the bullfrog skeleton.
The bullfrog skeleton is heavily damaged.
The adder skeleton closely misses you. The bullfrog skeleton hits you.
You die...

#. #.#Z#.# #. #.#.#.#
#. #.#.#.. #. #.#.###
#.#.# #.#.# #.#.# #.
.#######Z#.# #######.
......Z@5#.#
.....<#.###########.#
#######.............#
######.......########
....##..............
....##..............
....##........######
....##........(....
....##........####


You could see an adder skeleton, a bullfrog skeleton and a friendly white imp.

Vanquished Creatures
  An adder (D:4)
  An orc (D:3)
  A giant cockroach (D:2)
  A hobgoblin (D:2)
  A kobold (D:1)
  2 quokkas (D:4)
  2 goblins (D:1)
  A rat (D:2)
10 creatures vanquished.

Vanquished Creatures (collateral kills)
  An orc priest (D:3)
1 creature vanquished.

Grand Total: 11 creatures vanquished

Notes
Turn   | Place    | Note
-------+----------+-------------------------------------------
     0 | D:1      | Amnesiac the Ogre Wizard began the quest for the Orb.
     0 | D:1      | Reached XP level 1. HP: 16/16 MP: 5/5
   138 | D:1      | Reached skill level 1 in Conjurations
   305 | D:2      | Noticed Natasha
   447 | D:3      | Noticed an orc priest
   622 | D:2      | Reached XP level 2. HP: 24/24 MP: 0/6
   678 | D:2      | Learned a level 2 spell: Call Imp
   705 | D:3      | Reached skill level 4 in Spellcasting
   837 | D:3      | Reached XP level 3. HP: 25/31 MP: 1/9
   903 | D:3      | Learned a level 3 spell: Mephitic Cloud
   906 | D:3      | Learned a level 2 spell: Repel Missiles
   911 | D:3      | Learned a level 3 spell: Conjure Flame
  1205 | D:4      | HP: 1/31 [bullfrog skeleton (2)]
  1206 | D:4      | Slain by a bullfrog skeleton

Vault maps used:
D:1:      dpeg_arrival_renting
D:2:      nicolae_overflow_crystal_walls, uniq_natasha
D:3:      lemuel_coloured_pillars_altar, first_bread, lemuel_statue_altar
D:4:      grunt_temple_overflow_open

Skill      XL: |  1  2 |
---------------+-------+-----
Conjurations   | 1 |  1.4
Spellcasting   | 4 |  4.5
Dodging        | |  1.7
Stealth        | |  1.5
Summonings     | |  0.6
Translocations | |  0.6

Action                   || total
-------------------------++-------
Melee: Club              ||    19
       Unarmed           ||     5
 Cast: Magic Dart        ||    41
       Call Imp          ||     3
       Repel Missiles    ||     1
  Use: Scroll            ||     3
 Stab: Distracted        ||     1
  Eat: Chunk             ||     1
Armor: Robe              ||    14
Dodge: Dodged            ||    28
